 Dungeon Crawl Stone Soup version 0.21.0-3-g78d12a8 (webtiles) character file.

20174 JeffiDaFish the Basher (level 12, 0/76 HPs)
             Began as a Gargoyle Fighter on Jan 9, 2018.
             Was a High Priest of Okawaru.
             Slain by an ice devil (8 damage)
             ... in an ice cave.
             The game lasted 00:22:36 (11973 turns).

JeffiDaFish the Basher (Gargoyle Fighter)          Turns: 11973, Time: 00:22:38

Health: 0/76       AC: 27    Str: 37    XL:     12   Next: 76%
Magic:  12/12      EV: 11    Int:  8    God:    Okawaru [*****.]
Gold:   837        SH: 14    Dex: 13    Spells: 11/11 levels left

rFire    . . .     SeeInvis .   o - +2 morningstar (flame)
rCold    . . .     Gourm    .   c - +0 shield
rNeg     + . .     Faith    .   p - +0 chain mail
rPois    ∞         Spirit   .   (no helmet)
rElec    +         Reflect  .   l - +2 cloak
rCorr    .         Harm     .   u - +1 pair of gloves {Str+3}
MR       .....                  r - +0 pair of boots
Stlth    ..........             (no amulet)
HPRegen  0.22/turn              j - +3 ring of strength
MPRegen  0.13/turn              a - +5 ring of strength

@: no status effects
A: negative energy resistance 1, electricity resistance, strong 2, unbreathing,
petrification resistance, rot immunity, AC +8
a: Heroism, Finesse, Renounce Religion


You were in an ice cave.
You worshipped Okawaru.
Okawaru was extremely pleased with you.
You were near starving.

You visited 3 branches of the dungeon, and saw 14 of its levels.
You also visited: Sewer and Ice Cave.

You collected 837 gold pieces.

Inventory:

Hand Weapons
 o - a +2 morningstar of flaming (weapon)
 w - the +8 demon blade "Bloodbane" {slice, *Rage +Rage Stlth-}
   (You found it on level 3 of the Lair of Beasts)

   It inflicts extra damage upon your enemies.
   It lets you go berserk.
   It may make you go berserk in combat.
   It makes you less stealthy.
Armour
 c - a +0 shield (worn)
 l - a +2 cloak (worn)
 p - a +0 chain mail (worn)
 r - a +0 pair of boots (worn)
 u - a +1 pair of gloves of strength (worn)
Jewellery
 a - a +5 ring of strength (right hand)
 j - a +3 ring of strength (left hand)
 m - an uncursed ring of protection from fire
 t - an uncursed ring of resist corrosion
Scrolls
 g - a scroll of fog
 h - 5 scrolls of identify
 q - a scroll of teleportation
 v - a scroll of remove curse
Potions
 e - 5 potions of curing
 i - 5 potions of flight
 n - a potion of haste
 s - 2 potions of brilliance
Books
 d - a book of Enchantments

   Spells                             Type                      Level
   a - Cause Fear                     Hexes                        4
   b - Yara's Violent Unravelling     Hexes/Transmutation          5
   c - Silence                        Hexes/Air                    5
   d - Deflect Missiles               Charms/Air                   6
   e - Discord                        Hexes                        8
Comestibles
 f - 27 rations


   Skills:
 * Level 9.3 Fighting
 * Level 13.1 Maces & Flails
 * Level 8.8 Armour
 + Level 4.5 Dodging
 - Level 2.6 Stealth
 * Level 11.4 Shields
 + Level 1.0 Invocations


You had 11 spell levels left.
You didn't know any spells.

Dungeon Overview and Level Annotations

Branches:
Dungeon (8/15)             Temple (1/1) D:7            Lair (5/6) D:8
  Swamp (0/4) Lair:3        Snake (0/4) Lair:4
  Slime: Lair:5-6

Altars:
Cheibriados
Dithmenos
Elyvilon
Fedhas
Gozag
Hepliaklqana
Kikubaaqudgha
Makhleb
Nemelex Xobeh
Okawaru
Qazlal
Ru
Sif Muna
Trog
Uskayaw
Vehumet
Wu Jian
Xom
Yredelemnul
Zin
The Shining One

Shops:
D:8 }

Annotations:
D:6 exclusion: statue
D:7 2 transporters
Lair:4 exclusion: 3 oklob plants


Innate Abilities, Weirdness & Mutations

You are resistant to torment.
Your stone body is resilient. (AC +8)
You are immune to poison.
You resist negative energy. (rN+)
You are resistant to electric shocks. (rElec)
You can survive without breathing.
You are immune to petrification.
You are immune to rotting.
Your muscles are very strong. (Str +4)


Message History

The ice devil is lightly wounded.
You are engulfed in freezing vapours.
You block the ice devil's attack.
Okay, then.
You feel better.
You are engulfed in freezing vapours.
The ice devil misses you.
You sock the ice devil! You burn the ice devil!
The ice devil is severely wounded.
You are engulfed in freezing vapours.
You block the ice devil's attack. 2 ice devils come into view.
You closely miss the ice devil.
The ice devil is severely wounded.
You are engulfed in freezing vapours.
The ice devil moves out of view.
You puncture the ice devil! You burn the ice devil.
The ice devil is heavily wounded.
You are engulfed in freezing vapours.
* * * LOW HITPOINT WARNING * * *
The ice devil hits you.
* * * LOW HITPOINT WARNING * * *
The ice devil freezes you!
You die...

#...##
##...#
#..##
#§§§# ##
##§§#..##
#§§#...##
#§§§§...#
#§§§##..#
#@4## .
##4# #...
....#
....#
[..##
##[.# ###


You could see 2 ice devils.

Vanquished Creatures
  2 hydras
  2 two-headed ogres (D:8)
  Urug (Lair:2)
  A black mamba (Lair:1)
  2 ice statues (IceCv)
  10 spiny frogs
  2 rime drakes (Lair:1)
  2 ice devils (Lair:5)
  3 komodo dragons
  A blink frog (Lair:4)
  9 hippogriffs
  Prince Ribbit (D:6)
  Sigmund (D:2)
  A spriggan (D:7)
  2 wyverns
  10 yaks
  A hungry ghost (D:8)
  2 steam dragons
  6 water moccasins
  6 porcupines
  A black bear (D:6)
  A sky beast (D:4)
  2 orc warriors (D:6)
  The ghost of isock the Covered, an amateur GnWn (D:3)
  2 ice beasts
  A phantom (D:4)
  A necrophage (D:8)
  A centaur (D:8)
  7 ogres
  7 crocodiles
  11 wolves
  A big kobold (D:6)
  Blork the orc (D:6)
  10 bullfrogs
  A wyvern zombie (D:6)
  A water moccasin zombie (D:6)
  2 scorpions
  6 killer bees (D:8)
  An electric eel (Lair:4)
  A howler monkey (D:7)
  3 crimson imps
  3 hounds
  A jelly (D:6)
  A quasit (D:8)
  5 orc priests
  2 centaur skeletons (D:4)
  Ijyb (D:5)
  5 orc wizards
  4 worker ants
  An iguana (D:5)
  A hound zombie (D:8)
  A hound skeleton (D:6)
  A howler monkey zombie (D:7)
  A worker ant zombie (D:7)
  4 gnolls (D:4)
  11 adders
  2 shadow imps
  3 white imps (IceCv)
  8 ufetubi (IceCv)
  2 oozes
  An adder skeleton (D:4)
  An adder zombie (D:7)
  A worm (D:2)
  6 leopard geckos
  47 orcs
  A ball python (D:1)
  7 bats
  7 giant cockroaches
  4 goblins
  6 hobgoblins
  11 jackals
  30 kobolds
  2 quokkas
  5 frilled lizards
  A quokka skeleton (D:4)
  11 rats
  A spectral orc (D:8)
  2 plants (D:6)
328 creatures vanquished.

Vanquished Creatures (collateral kills)
  3 blink frogs (Lair:1)
3 creatures vanquished.

Vanquished Creatures (others)
  2 white imps (IceCv)
  4 ufetubi (IceCv)
  3 fungi
  3 plants
12 creatures vanquished.

Grand Total: 343 creatures vanquished

Notes
Turn   | Place    | Note
-------+----------+-------------------------------------------
     0 | D:1      | JeffiDaFish the Gargoyle Fighter began the quest for the Orb.
     0 | D:1      | Reached XP level 1. HP: 14/14 MP: 1/1
   109 | D:1      | Reached XP level 2. HP: 14/19 MP: 2/2
   632 | D:2      | Reached XP level 3. HP: 23/23 MP: 3/3
   769 | D:2      | Noticed Sigmund
   784 | D:2      | Killed Sigmund
   784 | D:2      | Reached skill level 3 in Maces & Flails
   784 | D:2      | Reached skill level 1 in Dodging
   784 | D:2      | Reached XP level 4. HP: 18/29 MP: 4/4
   784 | D:2      | Reached XP level 5. HP: 21/33 MP: 5/5
  1263 | D:3      | Reached XP level 6. HP: 30/38 MP: 6/6
  1442 | D:3      | Reached skill level 4 in Maces & Flails
  1667 | D:3      | Noticed isock's ghost (amateur GnWn)
  1747 | D:3      | Killed isock's ghost
  1938 | D:3      | Gained mutation: Your muscles are strong. (Str +2) [potion of mutation]
  1938 | D:3      | Gained mutation: Your muscles are very strong. (Str +4) [potion of mutation]
  2204 | D:4      | Reached XP level 7. HP: 42/44 MP: 7/7
  2240 | D:4      | Found a glowing drain.
  2244 | Sewer    | Entered a sewer
  2323 | Sewer    | Reached skill level 5 in Shields
  2659 | D:4      | Reached skill level 5 in Maces & Flails
  3036 | D:4      | Reached XP level 8. HP: 48/48 MP: 8/8
  3040 | D:4      | Reached skill level 6 in Maces & Flails
  3268 | D:5      | Entered Level 5 of the Dungeon
  3273 | D:5      | Noticed Ijyb
  3274 | D:5      | Reached skill level 5 in Fighting
  3283 | D:5      | Killed Ijyb
  3391 | D:5      | Found a sparkling altar of Nemelex Xobeh.
  3913 | D:4      | Reached skill level 5 in Armour
  4179 | D:4      | Reached skill level 7 in Maces & Flails
  5002 | D:6      | Found Afes's Assorted Antiques.
  5018 | D:6      | Reached XP level 9. HP: 39/54 MP: 9/9
  5131 | D:6      | Reached skill level 1 in Stealth
  5195 | D:6      | Reached skill level 8 in Maces & Flails
  5430 | D:6      | Found a radiant altar of Vehumet.
  5470 | D:6      | Found a burning altar of Makhleb.
  5622 | D:6      | Noticed Prince Ribbit
  5631 | D:6      | Killed Prince Ribbit
  6036 | D:6      | Noticed Blork the orc
  6046 | D:6      | Killed Blork the orc
  6145 | D:6      | Found a bloodstained altar of Trog.
  6305 | D:7      | Found a radiant altar of Vehumet.
  6369 | D:7      | Reached skill level 9 in Maces & Flails
  6478 | D:7      | Noticed a manticore
  6491 | D:7      | Reached XP level 10. HP: 55/61 MP: 10/10
  6499 | D:7      | Found a transporter.
  6522 | D:7      | Found a transporter.
  6528 | D:7      | Found a stormy altar of Qazlal.
  6528 | D:7      | Found a bloodstained altar of Trog.
  6528 | D:7      | Found an ornate altar of the Wu Jian Council.
  6606 | D:7      | Found a staircase to the Ecumenical Temple.
  6642 | Temple   | Entered the Ecumenical Temple
  6682 | Temple   | Became a worshipper of Warmaster Okawaru
  7232 | D:8      | Reached * piety under Okawaru
  7331 | D:8      | Found a deep blue altar of Sif Muna.
  7454 | D:8      | Reached skill level 10 in Maces & Flails
  7456 | D:8      | Noticed a two-headed ogre
  7460 | D:8      | Noticed a two-headed ogre
  7464 | D:8      | Killed a two-headed ogre
  7464 | D:8      | Reached ** piety under Okawaru
  7469 | D:8      | Killed a two-headed ogre
  7798 | D:8      | Found Bul Fuchu's Gadget Boutique.
  7837 | D:8      | Found a staircase to the Lair.
  7994 | D:8      | Found a basalt altar of Yredelemnul.
  8044 | D:8      | Reached XP level 11. HP: 67/67 MP: 11/11
  8156 | Lair:1   | Entered Level 1 of the Lair of Beasts
  8174 | Lair:1   | Reached *** piety under Okawaru
  8253 | Lair:1   | Reached skill level 11 in Maces & Flails
  8335 | Lair:1   | Reached **** piety under Okawaru
  8469 | Lair:1   | Reached skill level 10 in Shields
  8828 | Lair:2   | Noticed a four-headed hydra
  8836 | Lair:2   | Killed a four-headed hydra
  8856 | Lair:2   | Reached ***** piety under Okawaru
  8899 | Lair:2   | Noticed Urug
  8914 | Lair:2   | Killed Urug
  9095 | Lair:2   | Reached skill level 12 in Maces & Flails
  9744 | Lair:3   | Received a gift from Okawaru
  9854 | Lair:3   | Reached XP level 12. HP: 75/75 MP: 12/12
 10011 | Lair:3   | Found a staircase to the Swamp.
 10043 | Lair:3   | Found the +8 demon blade "Bloodbane" {slice, *Rage +Rage Stlth-}
 10340 | Lair:4   | Noticed a seven-headed hydra
 10701 | Lair:4   | Received a gift from Okawaru
 11010 | Lair:4   | Killed a seven-headed hydra
 11010 | Lair:4   | Reached skill level 13 in Maces & Flails
 11328 | Lair:4   | Found a staircase to the Snake Pit.
 11556 | Lair:5   | Identified a scroll of acquirement
 11593 | Lair:5   | Found a frozen archway.
 11653 | IceCv    | Entered an ice cave
 11719 | IceCv    | Reached skill level 1 in Invocations
 11973 | IceCv    | Slain by an ice devil

Skill      XL: |  1  2  3  4  5  6  7  8  9 10 11 12 |
---------------+-------------------------------------+-----
Fighting       | 4 5 6 7 8 9 |  9.3
Maces & Flails | 3 4 5 7 9 10 12 13 | 13.1
Dodging        | 1 2 3 4 |  4.5
Shields        | 4 5 6 7 9 10 11 | 11.4
Armour         | 4 5 6 7 8 |  8.8
Stealth        | 1 2 |  2.6
Invocations    | 1 |  1.0

Action                   |  1- 3 |  4- 6 |  7- 9 | 10-12 || total
-------------------------+-------+-------+-------+-------++-------
Melee: Flail             |   138 |   222 |    94 |       ||   454
       Morningstar       |       |       |   354 |   579 ||   933
  Use: Scroll            |     2 |     1 |     8 |    10 ||    21
       Potion            |     3 |     5 |     4 |     4 ||    16
  Eat: Chunk             |       |     5 |    14 |    19 ||    38
Armor: Scale mail        |   105 |   190 |   140 |       ||   435
       Chain mail        |       |       |    63 |   274 ||   337
Dodge: Dodged            |    57 |   143 |   157 |   220 ||   577
Block: Shield            |    83 |   156 |   252 |   392 ||   883
